 Dungeon Crawl Stone Soup version 0.28.0-45-g0d030f2227 (webtiles) character file.

Game seed: 11175231552180888429

13 Zeld the Shield-Bearer (level 2, 0/27 HPs)
             Began as a Minotaur Fighter on Apr 11, 2022.
             Succumbed to an orc's poison
             ... on level 3 of the Dungeon.
             The game lasted 00:00:32 (377 turns).

Zeld the Shield-Bearer (Minotaur Fighter)            Turns: 377, Time: 00:00:33

Health: 0/27       AC:  7    Str: 20    XL:     2   Next: 24%
Magic:  1/1        EV:  9    Int:  5    God:
Gold:   37         SH:  4    Dex:  9    Spells: 1/1 levels left

rFire   . . .      SeeInvis .   a - +0 war axe
rCold   . . .      Faith    .   c - +0 buckler
rNeg    . . .      Spirit   .   b - +0 scale mail
rPois   .          Reflect  .   (helmet restricted)
rElec   .          Harm     .   (no cloak)
rCorr   .          Rampage  .   (no gloves)
Will    .....                   (no boots)
Stlth   ..........              (no amulet)
HPRegen 0.09/turn               (no ring)
MPRegen 0.07/turn               (no ring)

@: lethally poisoned (0 -> -10)
A: horns 2, retaliatory headbutt
a: no special abilities


You were on level 3 of the Dungeon.
You visited 1 branch of the dungeon, and saw 3 of its levels.

You collected 37 gold pieces.

Inventory:

Hand Weapons
 a - a +0 war axe (weapon)
Armour
 b - a +0 scale mail (worn)
 c - a +0 buckler (worn)
Scrolls
 e - a scroll of identify {unknown}
 f - a scroll of teleportation {unknown}
 g - a scroll of enchant armour {unknown}
Potions
 d - 2 potions of might


   Skills:
 * Level 3.9 Fighting
 * Level 2.7 Axes
 + Level 3.7 Armour
 + Level 0.3 Dodging
 * Level 3.9 Shields


You had one spell level left.
You didn't know any spells.
Your spell library was empty.

Dungeon Overview and Level Annotations

Branches:
Dungeon (3/15)

Altars:


Innate Abilities, Weirdness & Mutations

You have a pair of horns on your head.
You reflexively headbutt those who attack you in melee.


Message History

The orc moves out of view.
An orc wizard comes into view. It is wielding a +0 dagger.
An orc wizard is nearby!
An orc wizard is nearby!
The orc wizard casts a spell at you.
You are confused.
You are too confused!
You are too confused!
You are too confused!
You bump into the stone wall.
The orc wizard hits you with a +0 dagger.
An orc comes into view. It is wielding a +0 short sword.
You miss the orc wizard. You miss the orc. The orc closely misses you.
You bump into the stone wall.
The orc hits you from afar with a +0 trident of venom.
You are poisoned.
The orc barely misses you.
You barely miss the orc wizard. You closely miss the orc.
You feel less confused.
You feel very sick.
The orc wizard gestures at you while chanting.
You resist with significant effort.
The orc hits you from afar with a +0 trident of venom.
The orc barely misses you.
The orc wizard gestures at you while chanting.
You resist with significant effort.
The orc hits you from afar with a +0 trident of venom.
You are more poisoned.
The orc hits you with a +0 short sword.
You barely miss the orc wizard.
You headbutt the orc wizard, but do no damage.
You hit the orc.
* * * LOW HITPOINT WARNING * * *
You feel very sick.
The orc wizard hits you with a +0 dagger.
* * * LOW HITPOINT WARNING * * *
The orc barely misses you. The orc hits you with a +0 short sword.
* * * LOW HITPOINT WARNING * * *
You die...

######.....# #
#........# #
#........## #
#........)#
#.....#####
#.^.......#
###......#########
.....#...# #....#
####.##### #.##@#
#.##.# #.#o.#
#....# #.#o##
####.# #.#o #.#
#.###### #.#
#......# #.#
######.#
#.#####....#.#
#.....#.##.#.#


You could see an orc wizard and 2 orcs.

Vanquished Creatures
  A worm (D:3)
  2 ball pythons (D:1)
  A giant cockroach (D:3)
  3 jackals (D:2)
  A quokka (D:2)
  A frilled lizard (D:3)
9 creatures vanquished.

Notes
Turn   | Place    | Note
-------+----------+-------------------------------------------
     0 | D:1      | Zeld the Minotaur Fighter began the quest for the Orb.
     0 | D:1      | Reached XP level 1. HP: 19/19 MP: 0/0
   200 | D:3      | Reached XP level 2. HP: 27/27 MP: 1/1
   377 | D:3      | Succumbed to an orc's poison

Illustrated notes

Levels and vault maps discovered:
D:1:      tarquinn_simple_flora_water_e, layout_basic
D:2:      layout_loops_cross, st_stairs_14
D:3:      layout_basic, shapermc_ecumenical_altar_pompeii, patterned_corridor

Action                   || total
-------------------------++-------
Melee: War axe           ||    23
       Headbutt          ||     2
Armor: Scale mail        ||    11
Dodge: Dodged            ||    15
Block: Buckler           ||     4
